 Dungeon Crawl Stone Soup version 0.31-a0-986-g5e6e4ef867 (webtiles) character file.

Game seed: 17741319683901218287

74 dialectric the Trooper (level 4, -5/35 HPs)
             Began as a Demonspawn Fighter on Nov 7, 2023.
             Slain by Crazy Yiuf
             ... wielding a +4 quarterstaff of chaos
              (7 damage)
             ... on level 3 of the Dungeon.
             The game lasted 00:02:40 (1350 turns).

dialectric the Trooper (Demonspawn Fighter)         Turns: 1350, Time: 00:02:40

Health: -5/35      AC:  6    Str: 18    XL:     4   Next: 10%
Magic:  4/4        EV:  9    Int:  9    God:
Gold:   131        SH:  0    Dex: 13    Spells: 3/3 levels left

rFire   . . .        a - +0 long sword
rCold   . . .        (no shield)
rNeg    . . .        b - +0 scale mail
rPois   .            (helmet restricted)
rElec   .            (no cloak)
rCorr   .            (no gloves)
SInv    .            (no boots)
Will    .....        (no amulet) Stlth
                     (no ring)
HPRegen 0.25/turn    (no ring)
MPRegen 0.09/turn

%: no passive effects
@: mighty
A: antennae 2
a: no special abilities


You were on level 3 of the Dungeon.
You visited 1 branch of the dungeon, and saw 3 of its levels.

You collected 131 gold pieces.

Inventory:

Hand Weapons
 a - a +0 long sword (weapon)
Missiles
 g - 6 poisoned darts
Armour
 b - a +0 scale mail (worn)
 c - a +0 buckler
Talismans
 j - a granite talisman
Scrolls
 e - a scroll of fear {unknown}
 f - a scroll of identify {unknown}
 h - a scroll of poison {unknown}
 i - a scroll of enchant weapon {unknown}
 k - a scroll of fog {unknown}


   Skills:
 + Level 3.5 Fighting
 + Level 2.6 Long Blades
 + Level 3.3 Armour
 * Level 0.5 Dodging
 - Level 2.9 Shields


You had 3 spell levels left.
You didn't know any spells.
Your spell library was empty.

Dungeon Overview and Level Annotations

Branches:
Dungeon (3/15)

Altars:

Annotations:
D:3 Crazy Yiuf


Innate Abilities, Weirdness & Mutations

You have a pair of antennae on your head.


Message History

You see here a +0 whip.
Partly explored, can't reach some places.
No target in view!
Partly explored, can't reach some places.
No target in view!
You slash the fungus!
The fungus begins to die.
The fungus is lightly damaged.
You hit the fungus.
The fungus is lightly damaged.
You slash the fungus!
The fungus is lightly damaged.
You hit the fungus but do no damage.
The fungus is lightly damaged.
A nearby fungus withers and dies.
Found a glowing hammer.
Found a runed translucent door.
Crazy Yiuf waves his quarterstaff at you.
Crazy Yiuf screams, "Trifle!"
You open the door. You hit Crazy Yiuf but do no damage.
Crazy Yiuf hits you with a +4 quarterstaff of chaos.
Crazy Yiuf burns you.
You hit Crazy Yiuf but do no damage.
Crazy Yiuf hits you with a +4 quarterstaff of chaos.
Crazy Yiuf freezes you.
You barely miss Crazy Yiuf. Crazy Yiuf closely misses you.
You hit Crazy Yiuf.
Crazy Yiuf is lightly wounded.
Crazy Yiuf hits you with a +4 quarterstaff of chaos!
* * * LOW HITPOINT WARNING * * *
Crazy Yiuf freezes you.
* * * LOW HITPOINT WARNING * * *
Crazy Yiuf misses you.
You feel very mighty all of a sudden.
Crazy Yiuf hits you with a +4 quarterstaff of chaos!
* * * LOW HITPOINT WARNING * * *
You resist with some effort.
You hit Crazy Yiuf.
Crazy Yiuf is moderately wounded.
Crazy Yiuf hits you with a +4 quarterstaff of chaos!
You die...

#.....##>.#
#.....##.##
#.....##..#
#########.# #.#
♣♣♣♣♣##)## ###
♣♣♣.♣.P....#
#...#♣..♣..P....#
#...g@♣♣♣♣P.....#
#)..#♣♣ ♣♣....##
### ♣♣####


You could see Crazy Yiuf.

Vanquished Creatures
  2 adders (D:3)
  A worm (D:3)
  6 ball pythons
  7 endoplasms (D:3)
  4 giant cockroaches
  5 hobgoblins
  A quokka (D:2)
  8 bats
  2 frilled lizards
  5 goblins
  5 kobolds
  4 rats
50 creatures vanquished.

Notes
Turn   | Place    | Note
-------+----------+-------------------------------------------
     0 | D:1      | dialectric the Demonspawn Fighter began the quest for the
                  | Orb.
     0 | D:1      | Reached XP level 1. HP: 18/18 MP: 1/1
   188 | D:1      | Gained mutation: You have a pair of small antennae on your
                  | head. [demonic ancestry]
   188 | D:1      | Reached XP level 2. HP: 23/24 MP: 2/2
   266 | D:1      | You fall into a shaft and drop 1 floor!
   381 | D:2      | Gained mutation: You have a pair of antennae on your head.
                  | [demonic ancestry]
   381 | D:2      | Reached XP level 3. HP: 26/29 MP: 3/3
  1217 | D:3      | Reached XP level 4. HP: 35/35 MP: 4/4
  1340 | D:3      | Found a runed translucent door.
  1341 | D:3      | Noticed Crazy Yiuf
  1350 | D:3      | Slain by Crazy Yiuf

Illustrated notes

Levels and vault maps discovered:
D:1:      lightli_arrival_boilingwater, layout_loops_ring, minmay_heptomino_w4
D:2:      layout_basic
D:3:      layout_basic, mainiacjoe_overflow_cross_hatched,
          uniq_crazy_yiuf_cottage

Skill      XL: |  1  2 |
---------------+-------+-----
Long Blades    | 2 |  2.6
Armour         | 3 |  3.3
Fighting       | |  3.5
Dodging        | |  0.5
Shields        | |  2.9

Action                     |  1- 3 |  4- 6 || total
---------------------------+-------+-------++-------
  Melee: Long sword        |   145 |    10 ||   155
         Punch             |     1 |       ||     1
    Use: Potion            |       |     1 ||     1
 Armour: Scale mail        |   129 |     6 ||   135
  Dodge: Dodged            |    93 |     3 ||    96

Table legend: (Time is in decaauts)
 A = Elapsed time spent in this place.
 B = Non-inter-level travel time spent in this place.
 C = Inter-level travel time spent in this place.
 D = Time resting spent in this place.
 E = Time spent auto-exploring this place.
 F = Levels seen in this place.
 G = Mean time per level.
                   A        B        C        D        E       F      G
               +--------+--------+--------+--------+--------+-----+--------+
         Total |   1397 |   1384 |     13 |      0 |   1007 |   3 |  465.7 |
       Dungeon |   1397 |   1384 |     13 |      0 |   1007 |   3 |  465.7 |
               +--------+--------+--------+--------+--------+-----+--------+

Top non-repeatable levels by time:
     D:3: 783 daAuts
     D:2: 333 daAuts
     D:1: 280 daAuts
